 Dungeon Crawl Stone Soup version 0.17.0-15-g6d90897 (webtiles) character file.

5158 MDvedh the Cruncher (level 10, -6/78 HPs)
             Began as a Minotaur Enchanter on Nov 10, 2015.
             Was a Priest of Okawaru.
             Mangled by a komodo dragon (22 damage)
             ... on level 1 of the Lair of Beasts.
             The game lasted 00:16:51 (8184 turns).

MDvedh the Cruncher (Minotaur Enchanter)            Turns: 8184, Time: 00:16:52

Health: -6/78      AC:  9    Str: 20    XL:     10   Next: 33%
Magic:  3/3        EV: 12    Int: 12    God:    Okawaru [***...]
Gold:   447        SH:  0    Dex: 20    Spells: 1 memorised, 10 levels left

rFire  . . .     SeeInvis .     u - +12 quarterstaff of the Pure Wars {freeze, *Drain MP-9 Str+3 Dex+10}
rCold  + . .     Clarity  .     e - +1 scale mail
rNeg   + . .     SustAt   .     (shield currently unavailable)
rPois  +         Gourm    .     (helmet restricted)
rElec  .         Spirit   .     (no cloak)
rCorr  .         Warding  +     (no gloves)
rMut   .         Stasis   .     p - +1 pair of boots {Stlth+}
MR     .....                    c - amulet of warding
Stlth  ++........               g - ring of protection from cold
                                q - ring of poison resistance

@: about to teleport, not resistant to hostile enchantments, unstealthy
A: retaliatory headbutt, horns 2
a: Heroism, Renounce Religion


You were on level 1 of the Lair of Beasts.
You worshipped Okawaru.
Okawaru was most pleased with you.
You were not hungry.

You visited 3 branches of the dungeon, and saw 11 of its levels.

You collected 447 gold pieces.

Inventory:

Hand Weapons
 u - the +12 quarterstaff of the Pure Wars (weapon) {freeze, *Drain MP-9 Str+3 Dex+10}
   (You found it on level 4 of the Dungeon)

   It has been specially enchanted to freeze those struck by it, causing extra
   injury to most foes and up to half again as much damage against particularly
   susceptible opponents.
   It can also slow down cold-blooded creatures.
   It affects your strength (+3).
   It affects your dexterity (+10).
   It affects your magic capacity (-9).
   It causes draining when unequipped.
Armour
 e - a +1 scale mail (worn)
 p - a +1 pair of boots of stealth (worn)
Jewellery
 c - an amulet of warding (around neck)
 g - a ring of protection from cold (right hand)
 q - a ring of poison resistance (left hand)
 H - an uncursed amulet of regeneration {unknown}
 K - an uncursed amulet of faith {unknown}
Wands
 n - a wand of flame (17)
 o - a wand of slowing (32)
 r - a wand of flame (34)
 A - a wand of cold (7)
 G - a wand of lightning (11)
Scrolls
 a - 2 scrolls of teleportation
 f - a scroll of enchant armour
 i - 4 scrolls of recharging
 k - 3 scrolls of remove curse
 l - 8 scrolls of identify
 t - a scroll of enchant weapon {unknown}
 v - a scroll of magic mapping
 y - 2 scrolls of noise {unknown}
 C - a scroll of holy word {unknown}
 I - a scroll of amnesia {unknown}
Potions
 b - 2 potions of ambrosia
 h - 2 potions of curing
 j - a potion of invisibility {unknown}
 m - a potion of magic
 s - a potion of might
 w - 2 potions of brilliance {unknown}
 x - a potion of resistance {unknown}
 z - a potion of flight {unknown}
 D - 2 potions of heal wounds {unknown}
 E - a potion of cancellation {unknown}
 F - 2 potions of mutation {unknown}
Comestibles
 d - 3 bread rations
 B - 7 royal jellies
 J - a chunk of flesh


   Skills:
 + Level 4.1 Fighting
   Level 1.1 Short Blades
   Level 7.6(11.7) Maces & Flails
 - Level 13.7(14.4) Staves
 + Level 3.1 Armour
 + Level 3.7 Dodging
 - Level 2.4 Stealth
 - Level 1.3 Spellcasting
 - Level 2.0 Hexes
 - Level 4.0 Invocations


You had 10 spell levels left.
You knew the following spells:

 Your Spells              Type           Power        Failure   Level  Hunger
a - Corona                Hex            #......      38%         1    ##.....


Dungeon Overview and Level Annotations

Branches:
Dungeon (9/15)             Temple (1/1) D:5            Lair (1/8) D:8
    Orc: D:9-12

Altars:
Ashenzari
Cheibriados
Dithmenos
Elyvilon
Fedhas
Gozag
Makhleb
Nemelex Xobeh
Okawaru
Qazlal
Ru
Sif Muna
Trog
Vehumet
Xom
Yredelemnul
Zin
The Shining One

Annotations:
D:3 Britaniac's ghost, amateur NaTm


Innate Abilities, Weirdness & Mutations

You reflexively headbutt those who attack you in melee.
You have a pair of horns on your head.


Message History

* * * LOW HITPOINT WARNING * * *
You are too injured to fight recklessly!
You are too injured to fight recklessly!
You are too injured to fight recklessly!
You are too injured to fight recklessly!
Unknown command.
You are too injured to fight recklessly!
You see here a river rat corpse.
You see here a river rat corpse.
There is a staircase back to the Dungeon here.
The komodo dragon bites you!
* * * LOW HITPOINT WARNING * * *
Drink which item? (? for menu, Esc to quit)
Okay, then.
Read which item? (? for menu, Esc to quit)
Okay, then.
Read which item? (? for menu, Esc to quit)
As you read the scroll of teleportation, it crumbles to dust.
You feel strangely unstable. The komodo dragon bites you!!
You die...

### ####.####
#.......#
##.####.#######
##..# #.......#
#P..# #####.###
##..# #.# #.##
#l# #.# #@# #.#
##.#
##.#######P.##
#..<†........#
...#.#...
#.#...##..####
#........
#.....#####
#...⌠....
####..(#
#........
#..#####
#.⌠...⌠.#
#......#
#........


You could see a komodo dragon.

Vanquished Creatures
  A queen bee (D:9)
  Prince Ribbit (D:8)
  2 wyverns
  An ice beast (D:7)
  A necrophage (D:8)
  2 orc warriors (D:8)
  2 sky beasts
  A black bear (D:7)
  2 ogres (D:9)
  2 centaurs (D:5)
  4 giant frogs
  2 big kobolds
  21 killer bees
  8 scorpions
  A giant frog zombie (D:5)
  4 wights (D:6)
  6 orc priests
  3 crimson imps
  6 iguanas
  2 jellies
  6 orc wizards
  14 hounds
  A centaur skeleton (D:4)
  7 worker ants
  A hound skeleton (D:5)
  A worker ant zombie (D:8)
  A gnoll (D:6)
  12 adders
  7 river rats (Lair:1)
  4 shadow imps
  2 oozes
  6 adder zombies
  A worm (D:2)
  2 giant geckos
  20 orcs
  4 ball pythons
  3 giant cockroaches (D:2)
  5 goblins
  4 hobgoblins
  5 jackals
  27 kobolds
  4 quokkas
  18 bats
  A giant newt (D:4)
  6 rats
234 creatures vanquished.

Notes
Turn   | Place    | Note
--------------------------------------------------------------
     0 | D:1      | MDvedh the Minotaur Enchanter began the quest for the Orb.
     0 | D:1      | Reached XP level 1. HP: 14/14 MP: 1/1
   132 | D:1      | Reached skill level 1 in Fighting
   293 | D:1      | Reached XP level 2. HP: 21/24 MP: 3/3
   887 | D:2      | Reached skill level 1 in Maces & Flails
  1132 | D:2      | Reached XP level 3. HP: 30/30 MP: 4/4
  1649 | D:2      | Reached skill level 3 in Maces & Flails
  1933 | D:2      | Reached XP level 4. HP: 33/37 MP: 5/5
  2208 | D:3      | Reached skill level 4 in Maces & Flails
  2250 | D:3      | Noticed Britaniac's ghost (amateur NaTm)
  2487 | D:4      | Found a glowing golden altar of the Shining One.
  2583 | D:4      | Reached skill level 5 in Maces & Flails
  2583 | D:4      | Reached XP level 5. HP: 35/42 MP: 6/6
  2727 | D:4      | Reached skill level 6 in Maces & Flails
  2733 | D:4      | Reached XP level 6. HP: 40/50 MP: 7/7
  2851 | D:4      | Reached skill level 7 in Maces & Flails
  2968 | D:4      | Got a warped quarterstaff
  2986 | D:4      | Found a blossoming altar of Fedhas.
  3045 | D:4      | Got a shimmering quarterstaff
  3046 | D:4      | Identified the +4 quarterstaff of Obsession {flame, rElec} (You found it on level 4 of the Dungeon)
  3047 | D:4      | Identified the +12 quarterstaff of the Pure Wars {freeze, *Drain MP-9 Str+3 Dex+10} (You found it on level 4 of the Dungeon)
  3096 | D:4      | Reached skill level 1 in Staves
  3306 | D:5      | Entered Level 5 of the Dungeon
  3306 | D:5      | Noticed a wyvern
  3308 | D:5      | Killed a wyvern
  3308 | D:5      | Reached XP level 7. HP: 48/56 MP: 0/8
  3373 | D:5      | Reached skill level 5 in Staves
  3642 | D:5      | Found a staircase to the Ecumenical Temple.
  4029 | D:5      | Found a sparkling altar of Nemelex Xobeh.
  4032 | D:5      | Found a shadowy altar of Dithmenos.
  4034 | D:5      | Reached XP level 8. HP: 62/62 MP: 0/9
  4149 | Temple   | Entered the Ecumenical Temple
  4195 | Temple   | Became a worshipper of Warmaster Okawaru
  4321 | D:5      | Reached skill level 8 in Staves
  4627 | D:6      | Reached skill level 9 in Staves
  4661 | D:6      | Found a sacrificial altar of Ru.
  4697 | D:6      | Reached skill level 1 in Invocations
  4786 | D:6      | Found a deep blue altar of Sif Muna.
  4966 | D:6      | Reached * piety under Okawaru
  5156 | D:6      | Reached skill level 10 in Staves
  5464 | D:7      | Reached XP level 9. HP: 65/68 MP: 1/10
  6073 | D:8      | Noticed Prince Ribbit
  6082 | D:8      | Reached skill level 11 in Staves
  6085 | D:8      | Killed Prince Ribbit
  6092 | D:8      | Reached ** piety under Okawaru
  6109 | D:8      | Reached skill level 12 in Staves
  6425 | D:8      | Found a shimmering altar of Xom.
  6426 | D:8      | Found a shimmering altar of Xom.
  6427 | D:8      | Found a shimmering altar of Xom.
  6427 | D:8      | Found a shimmering altar of Xom.
  6427 | D:8      | Found a shimmering altar of Xom.
  6427 | D:8      | Found a shimmering altar of Xom.
  6503 | D:8      | Found a staircase to the Lair.
  6789 | D:9      | Reached skill level 13 in Staves
  6791 | D:9      | Reached *** piety under Okawaru
  7225 | D:9      | Reached XP level 10. HP: 58/74 MP: 0/12
  7420 | D:9      | Reached skill level 1 in Armour
  8081 | Lair:1   | Entered Level 1 of the Lair of Beasts
  8184 | Lair:1   | Mangled by a komodo dragon

Action                   |  1- 3 |  4- 6 |  7- 9 | 10-12 || total
-------------------------+-------+-------+-------+-------++-------
Melee: Dagger            |   108 |   109 |       |       ||   217
       Quarterstaff      |       |     4 |   241 |    61 ||   306
Throw: Javelin           |       |     7 |       |       ||     7
       Throwing net      |       |     2 |       |       ||     2
Invok: Heroism           |       |       |     2 |       ||     2
  Use: Scroll            |     5 |     7 |     2 |     1 ||    15
       Potion            |       |       |     1 |       ||     1
 Stab: Sleeping          |     1 |     7 |    13 |       ||    21
       Distracted        |       |       |     3 |     1 ||     4
  Eat: Chunk             |     2 |       |     2 |       ||     4
       Pizza             |     1 |       |       |       ||     1
       Bread ration      |       |     1 |     1 |       ||     2
       Meat ration       |       |       |     2 |       ||     2
